 Dungeon Crawl Stone Soup version 0.22-a0-40-g3d2f077 (webtiles) character file.

124 Faca the Skirmisher (level 5, -1/47 HPs)
             Began as a Hill Orc Fighter on Jan 4, 2018.
             Slain by an adder (2 damage)
             ... on level 2 of the Dungeon.
             The game lasted 00:02:45 (1259 turns).

Faca the Skirmisher (Hill Orc Fighter)              Turns: 1259, Time: 00:02:47

Health: -1/47      AC: 10    Str: 19    XL:     5   Next: 8%
Magic:  5/5        EV:  5    Int:  8    God:
Gold:   17         SH:  9    Dex: 11    Spells: 4/4 levels left

rFire    . . .     SeeInvis .   a - +0 war axe
rCold    . . .     Gourm    .   c - +0 shield
rNeg     . . .     Faith    .   i - +0 chain mail
rPois    .         Spirit   .   e - +0 helmet
rElec    .         Reflect  .   (no cloak)
rCorr    .         Harm     .   (no gloves)
MR       .....                  (no boots)
Stlth    ..........             (no amulet)
HPRegen  0.15/turn              (no ring)
MPRegen  0.09/turn              (no ring)

@: lethally poisoned (-1 -> -3)
A: no striking features
a: Convert to Beogh


You were on level 2 of the Dungeon.
You were hungry.

You visited 1 branch of the dungeon, and saw 2 of its levels.

You collected 17 gold pieces.

Inventory:

Hand Weapons
 a - a +0 war axe (weapon)
Armour
 c - a +0 shield (worn)
 e - a +0 helmet (worn)
 i - a +0 chain mail (worn)
Potions
 b - a potion of brilliance
 d - a potion of might
 h - a potion of mutation
Comestibles
 f - 2 rations


   Skills:
 + Level 4.4 Fighting
 + Level 4.3 Axes
 + Level 4.0 Armour
 + Level 4.3 Shields


You had 4 spell levels left.
You didn't know any spells.

Dungeon Overview and Level Annotations

Branches:
Dungeon (2/15)

Altars:


Message History

Unknown command.
You miss the adder. You slash the goblin!
You kill the goblin!
You barely miss the orc. You hit the orc but do no damage.
You feel sick. The adder bites you but does no damage.
You block the orc's attack. You block the adder's attack.
You miss the adder. You hit the orc. You slash the orc!
You block the orc's attack. x2; You block the adder's attack.
The orc hits you with a falchion of flaming.
* * * LOW HITPOINT WARNING * * *
The orc burns you.
* * * LOW HITPOINT WARNING * * *
Unknown command.
You miss the adder. You closely miss the orc.
The orc priest threatens, "By the altar or by the axe, you will meet Beogh!"
You slash the orc!
You kill the orc!
* * * LOW HITPOINT WARNING * * *
You feel sick. The adder bites you.
You die...

###..##....
....#.......(..
....#.#.<......
...............
..............
.............#
......[o..#..# #
......)o).#..###.###
#@#...o.......
#S####..##.####
#KK.KKoo.......
.#######..#.###
..............#
########[.#.###.#
.........#.....##
######.(.).......
#.#...#####.


You could see an orc priest, an adder, an orc and 2 kobolds.

Vanquished Creatures
  An orc wizard (D:2)
  A howler monkey zombie (D:2)
  3 adders (D:2)
  A worm (D:2)
  4 dart slugs
  A leopard gecko (D:1)
  An orc (D:2)
  3 goblins
  6 hobgoblins
  7 jackals (D:1)
  4 kobolds
  A quokka (D:2)
  4 bats
  A quokka zombie (D:2)
  6 rats
44 creatures vanquished.

Notes
Turn   | Place    | Note
-------+----------+-------------------------------------------
     0 | D:1      | Faca the Hill Orc Fighter began the quest for the Orb.
     0 | D:1      | Reached XP level 1. HP: 19/19 MP: 1/1
    31 | D:1      | Reached XP level 2. HP: 25/27 MP: 2/2
   407 | D:1      | Reached XP level 3. HP: 33/33 MP: 3/3
  1009 | D:2      | Reached XP level 4. HP: 40/40 MP: 4/4
  1245 | D:2      | Reached XP level 5. HP: 19/47 MP: 5/5
  1258 | D:2      | HP: 2/47 [orc/falchion of flaming (2)]
  1259 | D:2      | Slain by an adder

Vault maps used:
D:1:      sevenhm_arrival_forest_fort_large_4
D:2:      first_ration, nicolae_underground_beach

Skill      XL: |  1  2  3  4 |
---------------+-------------+-----
Axes           | 3 4 |  4.3
Fighting       | 4 |  4.4
Shields        | 4 |  4.3
Armour         | 4 |  4.0

Action                   |  1- 3 |  4- 6 || total
-------------------------+-------+-------++-------
Melee: War axe           |   117 |    35 ||   152
  Use: Scroll            |     1 |     1 ||     2
  Eat: Chunk             |     1 |       ||     1
Armor: Scale mail        |    40 |       ||    40
       Chain mail        |    18 |    34 ||    52
Dodge: Dodged            |    41 |    10 ||    51
Block: Shield            |    65 |    26 ||    91

Table legend:
 A = Spawn XP
 B = Non-spawn XP
 C = Spawn XP percentage of total XP
 D = Spawn monster count
 E = Non-spawn monster count
 F = Spawn count percentage of total count
 G = Total turns spent on level
                    A         B        C        D         E        F      G
               +---------+---------+-------+---------+---------+-------+---------
         Total |       0 |     178 |   0.0 |       0 |      44 |   0.0 |  1259
               +---------+---------+-------+---------+---------+-------+---------
           D:1 |       0 |      50 |   0.0 |       0 |      27 |   0.0 |   890
           D:2 |       0 |     128 |   0.0 |       0 |      17 |   0.0 |   369
               +---------+---------+-------+---------+---------+-------+---------
